 Dungeon Crawl Stone Soup version 0.16-a0-2839-gd16e107 (webtiles) character file.

186 Johnny the Grave Robber (level 5, -4/40 HPs)
             Began as a Demigod Necromancer on Nov 29, 2014.
             Slain by a river rat zombie (7 damage)
             ... animated by a big kobold necromancer
             ... in a sewer.
             The game lasted 00:07:00 (3711 turns).

Johnny the Grave Robber (Demigod Necromancer)       Turns: 3711, Time: 00:07:00

Health: -4/40      AC:  2    Str: 11    XL:     5   Next: 15%
Magic:  3/12       EV: 13    Int: 21    God:
Gold:   121        SH:  0    Dex: 16    Spells: 2 memorised, 5 levels left

rFire  . . .     SeeInvis .     n - +1 hand axe
rCold  . . .     Clarity  .     a - +0 robe
rNeg   . . .     SustAb   +     (no shield)
rPois  .         Gourm    .     (no helmet)
rElec  .         Spirit   .     (no cloak)
rCorr  .         Warding  .     (no gloves)
rMut   .         Stasis   .     (no boots)
MR     .....                    (no amulet)
Stlth  ++........               (no ring)
                                (no ring)

@: not resistant to hostile enchantments, unstealthy
A: sustain abilities
a: no special abilities


You were in a sewer.
You were hungry.

You visited 1 branch of the dungeon, and saw 4 of its levels.
You also visited: Sewer.

You collected 121 gold pieces.

Inventory:

Hand weapons
 e - a +0 dagger
 n - a +1 hand axe (weapon)
Missiles
 k - 2 curare-tipped needles
Armour
 a - a +0 robe (worn)
Scrolls
 f - a scroll of enchant armour
 g - a scroll of immolation
 j - a scroll of teleportation
 l - a scroll of enchant weapon
Potions
 d - a potion of confusion {unknown}
 h - a potion of heal wounds {unknown}
 m - a potion of restore abilities {unknown}
 t - a potion of curing {unknown}
Books
 b - a book of Necromancy

   Spells                             Type                      Level
   a - Pain                           Necromancy                   1
   b - Animate Skeleton               Necromancy                   1
   c - Vampiric Draining              Necromancy                   3
   d - Regeneration                   Charms/Necromancy            3
   e - Animate Dead                   Necromancy                   4
   f - Control Undead                 Necromancy                   4
Comestibles
 c - 3 bread rations
 i - 2 meat rations
 q - 3 fruits
 r - a beef jerky


   Skills:
 + Level 1.0 Fighting
 + Level 1.0 Axes
 * Level 3.1 Dodging
 - Level 1.7 Stealth
 * Level 2.7 Spellcasting
 * Level 4.4 Necromancy


You had 5 spell levels left.
You knew the following spells:

 Your Spells              Type           Power        Failure   Level  Hunger
a - Pain                  Necr           ###.         1%          1    None
c - Vampiric Draining     Necr           ###.......   10%         3    ###....


Dungeon Overview and Level Annotations

Branches:
Dungeon (4/15)
 Temple: D:4-7

Annotations:
D:2 Robin
D:3 Grinder


Innate Abilities, Weirdness & Mutations

Your attributes are resistant to harm.


Message History

Unknown command.
You hit the big kobold necromancer.
You kill the big kobold necromancer!
You hear a splash. x2
Your Fighting skill increases to level 1!
Your Axes skill increases to level 1!
Your Dodging skill increases to level 3!
You have reached level 5!
You barely miss the river rat zombie. The river rat zombie bites you.
You hit the river rat zombie.
The river rat zombie closely misses you.
You hit the river rat zombie. The river rat zombie bites you!
* * * LOW HITPOINT WARNING * * *
You hit the river rat zombie. The river rat zombie bites you.
* * * LOW HITPOINT WARNING * * *
Unknown command.
You aren't carrying any items that can be evoked.
Unknown command.
The river rat zombie bites you!
You die...

#########
##≈≈.≈...##
##.≈..≈≈≈≈.#
#.@.####...##
#)Z≈##..#'≈≈.#
#..≈#..††#.≈.#
#.≈##†...##≈.#
#≈≈#≈.....#.≈#
#..#......#..#
#.≈#..÷...#.≈#
'..#∩∩...≈#..#
.≈#......#≈


You could see a river rat zombie.

Vanquished Creatures
  A big kobold (Sewer)
  3 adders
  A river rat (D:4)
  A worm (D:2)
  3 orcs (D:3)
  3 bats (D:1)
  4 giant cockroaches
  7 goblins
  4 hobgoblins
  7 jackals
  3 quokkas
  3 giant geckos
  4 giant newts
  9 kobolds
  10 rats
  A rat skeleton (Sewer)
64 creatures vanquished.

Notes
Turn   | Place    | Note
--------------------------------------------------------------
     0 | D:1      | Johnny, the Demigod Necromancer, began the quest for the Orb.
     0 | D:1      | Reached XP level 1. HP: 14/14 MP: 3/3
   746 | D:1      | Reached XP level 2. HP: 18/20 MP: 1/5
  1944 | D:2      | Reached skill level 4 in Necromancy
  1944 | D:2      | Reached XP level 3. HP: 11/27 MP: 0/8
  2125 | D:2      | Learned a level 3 spell: Vampiric Draining
  2708 | D:2      | Noticed Robin
  3120 | D:3      | Reached XP level 4. HP: 30/34 MP: 5/11
  3319 | D:3      | Noticed Grinder
  3561 | D:4      | Found a glowing drain.
  3565 | Sewer    | Entered a sewer
  3697 | Sewer    | Noticed a big kobold necromancer
  3707 | Sewer    | Killed a big kobold necromancer
  3707 | Sewer    | Reached skill level 1 in Fighting
  3707 | Sewer    | Reached skill level 1 in Axes
  3707 | Sewer    | Reached XP level 5. HP: 20/40 MP: 2/12
  3711 | Sewer    | Slain by a river rat zombie

Action                   |  1- 3 |  4- 6 || total
-------------------------+-------+-------++-------
Melee: Unarmed           |     4 |       ||     4
       Dagger            |    30 |       ||    30
       Hand axe          |    14 |    33 ||    47
 Cast: Pain              |    64 |    10 ||    74
       Vampiric Draining |     7 |     9 ||    16
  Use: Scroll            |       |     6 ||     6
 Stab: Sleeping          |       |     1 ||     1
  Eat: Chunk             |     7 |     3 ||    10
